 Dungeon Crawl Stone Soup version 0.30.1-3-gfc49f6343a (webtiles) character file.

Game seed: 17643150353842074600

196 Zeor the Poker (level 5, -4/57 HPs)
             Began as a Demonspawn Gladiator on Aug 4, 2023.
             Slain by a gnoll
             ... wielding a +1 halberd of venom
              (13 damage)
             ... on level 4 of the Dungeon.
             The game lasted 00:08:34 (2334 turns).

Zeor the Poker (Demonspawn Gladiator)               Turns: 2334, Time: 00:08:35

Health: -4/57      AC:  6    Str: 16    XL:     5   Next: 45%
Magic:  5/5        EV: 10    Int: 10    God:
Gold:   72         SH:  0    Dex: 14    Spells: 4/4 levels left

rFire   . . .        a - +0 trident
rCold   . . .        (no shield)
rNeg    . . .        f - +0 scale mail
rPois   .            (helmet restricted)
rElec   .            (no cloak)
rCorr   .            (no gloves)
SInv    .            (no boots)
Will    .....        (no amulet) Stlth
                     (no ring)
HPRegen 0.29/turn    (no ring)
MPRegen 0.09/turn

%: no passive effects
@: berserking (expiring), lethally poisoned (-4 -> -10), very quick
A: antennae 1, hooves 1, demonic touch 1
a: no special abilities


You were on level 4 of the Dungeon.
You visited 1 branch of the dungeon, and saw 4 of its levels.

You collected 180 gold pieces.
You spent 108 gold pieces at shops.

Inventory:

Hand Weapons
 a - a +0 trident (weapon)
 p - a +0 trident
Missiles
 d - 3 throwing nets
 e - a javelin (quivered)
 o - 2 silver boomerangs
Armour
 c - a +1 helmet
 f - a +0 scale mail (worn)
Jewellery
 j - a +6 ring of intelligence
 k - a ring of ice
Scrolls
 l - 3 scrolls of fog
 n - a scroll of enchant armour
Potions
 b - 2 potions of curing
 g - a potion of lignification
 i - a potion of invisibility


   Skills:
 + Level 2.2 Fighting
 * Level 4.9 Polearms
 + Level 1.8 Throwing
 + Level 1.1 Armour
 + Level 3.2 Dodging
 + Level 0.6 Stealth


You had 4 spell levels left.
You didn't know any spells.
Your spell library contained the following spells:

 Spells                   Type           Power      Damage    Failure   Level
 Ensorcelled Hibernation  Hex/Ice        0%         N/A       91%         2
 Passwall                 Tmut/Erth      0%         N/A       91%         2
 Swiftness                Air            0%         N/A       99%         3


Dungeon Overview and Level Annotations

Branches:
Dungeon (4/15)
 Temple: D:4-7

Altars:
Kikubaaqudgha

Shops:
D:2 **[!!


Innate Abilities, Weirdness & Mutations

You have a pair of small antennae on your head.
You have large cloven feet.
Your touch may inflict minor irresistible damage on your foes.


Message History

The giant cockroach barely misses you.
The gnoll shouts!
You hit the gnoll.
You kill the gnoll!
The giant cockroach bites you but does no damage.
Things that are here:
a +0 flail; a gnoll corpse; an iguana corpse You puncture the gnoll!
Your kick misses the gnoll.
The gnoll is almost dead.
The giant cockroach bites you but does no damage.
The gnoll hits you from afar with a +1 halberd of venom.
You are poisoned.
You closely miss the gnoll. You kick the gnoll.
You kill the gnoll!
You feel sick.
The giant cockroach bites you but does no damage.
Your Armour skill increases to level 1!
Reach: a) +0 trident
Press: ? - help, Dir - move target, f - giant cockroach
Aim: a giant cockroach (about 40% to evade your +0 trident)
You barely miss the giant cockroach. You kick the giant cockroach.
You kill the giant cockroach!
You feel sick. The gnoll closely misses you.
Reach: a) +0 trident
Press: ? - help, Dir - move target, f - gnoll
Aim: a gnoll, wielding a +0 club (about 36% to evade your +0 trident)
You hit the gnoll. Your kick misses the gnoll.
The gnoll is moderately wounded.
You feel sick.
The gnoll hits you from afar with a +1 halberd of venom.
* * * LOW HITPOINT WARNING * * *
The gnoll barely misses you.
Reach: a) +0 trident
Press: ? - help, Dir - move target, f/p - gnoll
Aim: a gnoll, wielding a +0 club (moderately wounded, about 36% to evade your +0 trident)
You hit the gnoll. You kick the gnoll.
The gnoll is almost dead.
You feel sick. The gnoll barely misses you.
The gnoll hits you from afar with a +1 halberd of venom!
You die...

∙▒ ∙▒ ▒∙▒
▒∙∙∙∙ ▒∙∙▒
▒g∙g(∙ ▒∙∙▒
▒∙g∙∙∙∙
▒∙∙▒▒▒▒∙∙g∙∙∙∙
▒∙∙▒▒∙∙l∙∙∙∙∙
▒∙▒▒∙∙∙∙∙∙∙∙
▒6∙▒∙∙∙∙∙∙∙∙


▒▒ggg∙∙∙∙∙∙∙ ▒▒gg∙∙∙∙∙∙∙ ▒▒∙∙∙∙∙∙(∙ ▒∙∙∙∙∙∙∙∙ ▒∙∙∙∙∙∙∙∙ ▒∙∙∙∙∙∙∙∙ ▒∙∙∙∙∙∙∙∙
▒▒∙∙∙∙∙∙∙ You could see 5 gnolls.

Vanquished Creatures
  An orc priest (D:3)
  An iguana (D:4)
  2 gnolls (D:4)
  3 adders (D:2)
  2 worms (D:2)
  2 dart slugs
  7 orcs (D:3)
  6 ball pythons
  3 endoplasms
  4 giant cockroaches
  3 goblins (D:2)
  5 hobgoblins
  4 quokkas
  4 bats
  4 frilled lizards (D:1)
  10 kobolds
  25 rats
86 creatures vanquished.

Notes
Turn   | Place    | Note
-------+----------+-------------------------------------------
     0 | D:1      | Zeor the Demonspawn Gladiator began the quest for the Orb.
     0 | D:1      | Reached XP level 1. HP: 16/16 MP: 1/1
   157 | D:1      | Reached skill level 3 in Polearms
   157 | D:1      | Discovered your monstrous ancestry.
   157 | D:1      | Gained mutation: You have large cloven feet. [demonic
                  | ancestry]
   157 | D:1      | Reached XP level 2. HP: 19/22 MP: 2/2
   713 | D:1      | Gained mutation: Your touch may inflict minor irresistible
                  | damage on your foes. [demonic ancestry]
   713 | D:1      | Reached XP level 3. HP: 27/27 MP: 3/3
   795 | D:2      | Found Xigrotup's Assorted Antiques.
   802 | D:2      | Bought a scroll of identify for 50 gold pieces
   802 | D:2      | Bought a scroll labelled VOAS OCAZY for 25 gold pieces
   881 | D:2      | Found Golofot's Armour Emporium.
   892 | D:2      | Found Tuhuq's Distillery.
   912 | D:2      | Bought a potion of curing for 33 gold pieces
  1110 | D:2      | Found Jyrir's Distillery.
  1165 | D:2      | Found Reroceom's Assorted Antiques.
  1243 | D:2      | Reached skill level 4 in Polearms
  1243 | D:2      | Reached XP level 4. HP: 32/33 MP: 4/4
  1923 | D:3      | Gained mutation: You have a pair of small antennae on your
                  | head. [demonic ancestry]
  1923 | D:3      | Reached XP level 5. HP: 29/38 MP: 5/5
  2003 | D:3      | Found a faded altar of an unknown god.
  2007 | D:3      | Found an ancient bone altar of Kikubaaqudgha.
  2332 | D:4      | Reached skill level 1 in Armour
  2334 | D:4      | Slain by a gnoll

Illustrated notes

Levels and vault maps discovered:
D:1:      dpeg_arrival_erosion, layout_basic
D:2:      layout_basic, serial_shops, shop, nicolae_shop_getting_attention,
          shop_fountains, shop, shop, chequers_serial_rivers_room_b,
          serial_park_tiny_pond, minivault_4
D:3:      layout_loops_ring, nicolae_overflow_ecumenical_swirl,
          mainiacjoe_overflow_cross_hatched, minmay_rat_hole
D:4:      layout_cave_pods, uniq_eustachio

Skill      XL: |  1  2  3  4  5 |
---------------+----------------+-----
Polearms       | 3 4 |  4.9
Dodging        | 3 |  3.2
Armour         | 1 |  1.1
Fighting       | |  2.2
Throwing       | |  1.8
Stealth        | |  0.6

Action                     |  1- 3 |  4- 6 || total
---------------------------+-------+-------++-------
  Melee: Trident           |   108 |    88 ||   196
         Punch             |     1 |     1 ||     2
         Kick              |    16 |    14 ||    30
         Touch             |     6 |     9 ||    15
    Use: Scroll            |     6 |     8 ||    14
         Potion            |       |     2 ||     2
   Stab: Sleeping          |     1 |       ||     1
 Armour: Leather armour    |    13 |       ||    13
         Scale mail        |    17 |    25 ||    42
  Dodge: Dodged            |    38 |    23 ||    61
